 Dungeon Crawl Stone Soup version 0.31-a0-277-g31ea1f65cc (webtiles) character file.

Game seed: 4578469706655817797

2361 LustLizard the Grappler (level 9, -6/62 HPs)
             Began as an Octopode Shapeshifter on July 15, 2023.
             Was a Believer of Wu Jian.
             Mangled by a spriggan
             ... wielding a +0 trident
              (8 damage)
             ... in a bailey.
             The game lasted 00:12:31 (5449 turns).

LustLizard the Grappler (Octopode Shapeshifter)     Turns: 5449, Time: 00:12:32

Health: -6/62      AC:  1    Str: 16    XL:     9   Next: 44%
Magic:  0/18       EV: 15    Int: 13    God:    Wu Jian [**....]
Gold:   162        SH:  0    Dex: 12    Spells: 8/8 levels left

rFire   . .          .
                       - Unarmed
rCold   . . .        (no shield)
rNeg    . . .        (helmet currently unavailable)
rPois   .            r - amulet of guardian spirit
rElec   .            e - ring of magical power
rCorr   .            m - ring of flight
SInv    +            y - ring of see invisible
Will    .....        (no ring)
Stlth   ++           (no ring)
HPRegen 0.30/turn    (no ring)
MPRegen 0.16/turn    (no ring)
                     (no ring)

%: guardian spirit
@: beast-form, flying
A: beast (slay +3), almost no armour, amphibious, 8 rings, camouflage 1,
gelatinous body 1, (nimble swimmer 1), tentacles
a: Begin Untransformation, Renounce Religion, Wall Jump


You were in a bailey.
You worshipped Wu Jian.
Wu Jian was pleased with you.
You were a hulking beast.
You visited 1 branch of the dungeon, and saw 7 of its levels.
You also visited: Bailey.

You collected 162 gold pieces.

Inventory:

Missiles
 j - 2 throwing nets
 t - 4 poisoned darts
Jewellery
 e - a ring of magical power (left tentacle)
 f - an amulet of regeneration
 m - a ring of flight (right tentacle)
 r - an amulet of guardian spirit (around mantle)
 y - a ring of see invisible (on tentacle)
Talismans
 b - a beast talisman
Wands
 k - a wand of flame (10)
 u - a wand of digging (4)
Scrolls
 d - a scroll of vulnerability {unknown}
 h - 2 scrolls of identify
 i - 4 scrolls of amnesia
 l - a scroll of silence {unknown}
 n - 2 scrolls of teleportation {unknown}
 p - 2 scrolls of fog {unknown}
 w - a scroll of immolation {unknown}
Potions
 a - a potion of lignification
 c - 3 potions of curing
 g - a potion of haste
 o - a potion of brilliance
 q - 2 potions of enlightenment
 s - a potion of resistance {unknown}
 v - a potion of cancellation {unknown}
 x - a potion of mutation {unknown}


   Skills:
 + Level 5.8 Fighting
 + Level 5.8 Dodging
 * Level 8.1 Unarmed Combat
 + Level 5.4 Shapeshifting


You had 8 spell levels left.
You didn't know any spells.
Your spell library contained the following spells:

 Spells                   Type           Power      Damage    Failure   Level
 Freeze                   Ice            0%         1d3       30%         1
 Frozen Ramparts          Ice            0%         1d1       67%         3
 Hailstorm                Conj/Ice       0%         3d3       67%         3
 Summon Ice Beast         Ice/Summ       0%         N/A       97%         4
 Summon Mana Viper        Hex/Summ       0%         N/A       100%        5
 Monstrous Menagerie      Summ           0%         N/A       100%        7


Dungeon Overview and Level Annotations

Branches:
Dungeon (7/15)             Temple (0/1) D:6          Bailey (1/1)

Altars:
Ashenzari
Gozag
Nemelex Xobeh
Ru
Sif Muna
Trog
Uskayaw
Vehumet
Wu Jian
Xom

Shops:
D:1 =   D:5 :


Innate Abilities, Weirdness & Mutations

You are a hulking beast.
Your limbs bulge with bestial killing power. (Slay +3)
You cannot wear most types of armour.
You are amphibious.
You can wear up to eight rings at the same time.
Your skin changes colour to match your surroundings (Stealth+).
Your rubbery body absorbs attacks. (AC +1, EV +1)
((You are camouflaged when in or above water. (Stealth+)))
You have tentacles for arms and can constrict up to eight enemies at once.


Message History

You hear the steady creaking of a portcullis nearby.
There is an open door here.
There is a radiant altar of Vehumet here.
As you open the door, it creaks loudly!
There is an open door here.
You hear the steady creaking of a portcullis very nearby.
You reach down and open the door.
There is an open door here.
Found a flagged portal.
There is a flagged portal here.
The world spins around you as you enter the gateway.
You enter a bailey!
Found a gate leading back out of this place.
There is an empty arch of ancient stone here.
A spriggan comes into view. It is wielding a +0 spear.
A spriggan comes into view. It is wielding a +0 trident.
The spriggan shouts!
You hear a shout!
The spriggan shouts!
An ogre comes into view. It is wielding a +0 halberd. x2
You lunge at the spriggan.
You miss the spriggan.
The ogre shouts!
Your grab misses the spriggan. Your squeeze misses the spriggan.
The spriggan hits you with a +0 spear!
The spriggan hits you from afar with a +0 trident.
You tentacle-slap the spriggan. Your grab misses the spriggan.
The spriggan is moderately wounded.
The spriggan hits you with a +0 spear.
The spriggan hits you from afar with a +0 trident!
The spriggan hits you from afar with a +0 spear!
* * * LOW HITPOINT WARNING * * *
The spriggan hits you from afar with a +0 trident!!
* * * LOW HITPOINT WARNING * * *
Unknown command.
Okay, then.
The spriggan barely misses you.
An ogre comes into view. It is wielding a +0 halberd.
There is a gate leading back out of this place here.
There are monsters nearby!
The spriggan hits you from afar with a +0 trident!
You die...

#######
###.....###
##.........##
##...........##
#....∩...h....#
##...........##
##.....ii..##
###~~O~~###
#~~~~~#
##O~~~~##
##.......##
#.........#
#..#####♣#..#


You could see 2 ogres and 2 spriggans.

Vanquished Creatures
  Prince Ribbit (D:7)
  2 water moccasins
  A black bear (D:5)
  A sky beast (D:6)
  An orc warrior (D:4)
  An ice beast (D:5)
  2 ogres (D:5)
  A phantom (D:4)
  A kobold brigand (D:6)
  2 scorpions (D:6)
  A bullfrog (D:6)
  4 wights (D:6)
  A gnoll bouda (D:4)
  2 hounds
  2 jellies (D:5)
  5 orc priests
  3 iguanas
  3 sleepcaps
  8 orc wizards
  6 gnolls
  10 adders
  A white imp (D:6)
  3 ufetubi
  3 worms
  A dart slug (D:5)
  14 orcs
  4 ball pythons
  4 bats
  10 endoplasms
  3 giant cockroaches
  7 goblins
  5 hobgoblins
  4 jackals (D:1)
  2 quokkas (D:1)
  4 frilled lizards
  6 kobolds
  A rat (D:3)
130 creatures vanquished.

Notes
Turn   | Place    | Note
-------+----------+-------------------------------------------
     0 | D:1      | LustLizard the Octopode Shapeshifter began the quest for
                  | the Orb.
     0 | D:1      | Reached XP level 1. HP: 14/14 MP: 1/1
    77 | D:1      | Found Rikhag's Jewellery Shoppe.
    91 | D:1      | Reached XP level 2. HP: 19/19 MP: 2/2
   355 | D:1      | Found a faded altar of an unknown god.
   500 | D:1      | Reached XP level 3. HP: 20/24 MP: 3/3
  1172 | D:2      | Reached skill level 3 in Unarmed Combat
  1172 | D:2      | Reached XP level 4. HP: 22/30 MP: 4/4
  1851 | D:3      | Reached XP level 5. HP: 34/35 MP: 5/5
  1869 | D:3      | Found a bloodstained altar of Trog.
  1920 | D:3      | You fall into a shaft and drop 3 floors!
  1921 | D:6      | Noticed a sky beast
  1982 | D:6      | Reached skill level 4 in Unarmed Combat
  2027 | D:6      | Reached XP level 6. HP: 29/42 MP: 6/6
  2146 | D:6      | Reached XP level 7. HP: 25/46 MP: 7/7
  2306 | D:6      | Reached skill level 5 in Unarmed Combat
  2324 | D:5      | Entered Level 5 of the Dungeon
  2718 | D:3      | Found an ornate altar of the Wu Jian Council.
  2759 | D:3      | Became a worshipper of the Wu Jian Council
  2864 | D:3      | Found a sparkling altar of Nemelex Xobeh.
  2865 | D:3      | Found an opulent altar of Gozag.
  3120 | D:4      | Reached XP level 8. HP: 51/54 MP: 8/8
  3206 | D:4      | Reached skill level 6 in Unarmed Combat
  3373 | D:4      | Found a sacrificial altar of Ru.
  3627 | D:5      | Reached * piety under Wu Jian
  3658 | D:5      | Found a broken altar of Ashenzari.
  3956 | D:5      | Found a shimmering blue altar of Sif Muna.
  4067 | D:5      | Found Iqiysive's Tremendous Tomes.
  4116 | D:5      | Reached skill level 5 in Fighting
  4116 | D:5      | Reached skill level 5 in Dodging
  4192 | D:5      | Reached skill level 7 in Unarmed Combat
  4253 | D:5      | Noticed a two-headed ogre
  4328 | D:6      | Reached skill level 5 in Shapeshifting
  4328 | D:6      | Reached XP level 9. HP: 61/61 MP: 9/9
  4331 | D:6      | Found a shimmering altar of Xom.
  4619 | D:6      | Found a hide-covered altar of Uskayaw.
  4978 | D:6      | Found a staircase to the Ecumenical Temple.
  5141 | D:7      | Noticed Prince Ribbit
  5155 | D:7      | Killed Prince Ribbit
  5156 | D:7      | Reached skill level 8 in Unarmed Combat
  5176 | D:7      | Reached ** piety under Wu Jian
  5201 | D:7      | Found a radiant altar of Vehumet.
  5421 | D:7      | Found a flagged portal.
  5430 | Bailey   | Entered a bailey
  5443 | Bailey   | HP: 1/62 [spriggan/+0 trident (16)]
  5449 | Bailey   | Mangled by a spriggan

Illustrated notes

Levels and vault maps discovered:
D:1:      wheals_arrival_shading, layout_basic, ebering_ecumenical_altar_hall,
          serial_shops, shop
D:2:      layout_loops_corners
D:3:      layout_rooms, grunt_temple_overflow_opulence,
          nicolae_wu_jian_immortal_techniques, mainiacjoe_overflow_brackets
D:4:      layout_basic, nicolae_ru_the_path_less_chosen,
          kennysheep_windowed_goal
D:5:      cheibrodos_two_vegetables, layout_basic, tgw_sif,
          kennysheep_mini_moat, nicolae_shop_i_like_big_books, chequers_garden
D:6:      layout_basic, mainiacjoe_overflow_catwalk, xom_confusion_cloud,
          minmay_temple_entry_enclosed_plants
D:7:      layout_basic, nicolae_vehumet_altar_sigil, enter_bailey_8,
          nrook_mini_backslash, minivault_14, nrook_pool_corridor,
          chequers_serial_rivers_room_b, uniq_prince_ribbit1
Bailey:   bailey_polearm_enchanted_keep_hellmonk, bailey

Skill      XL: |  1  2  3  4  5  6  7  8  9 |
---------------+----------------------------+-----
Unarmed Combat | 3 4 5 7 8 |  8.1
Dodging        | 3 4 5 |  5.8
Fighting       | 3 4 5 |  5.8
Shapeshifting  | 4 5 |  5.4

Action                     |  1- 3 |  4- 6 |  7- 9 || total
---------------------------+-------+-------+-------++-------
  Melee: Unarmed           |    62 |    77 |   175 ||   314
         Constrict         |    12 |    19 |    43 ||    74
         Tentacles         |     9 |    20 |    51 ||    80
         Punch             |     4 |     4 |     6 ||    14
Ability: Lunge             |       |       |    24 ||    24
    Use: Scroll            |       |     2 |     3 ||     5
   Stab: Sleeping          |     6 |     3 |    12 ||    21
 Armour: Skin              |     2 |     2 |     5 ||     9
  Dodge: Dodged            |    39 |    33 |    71 ||   143

Table legend: (Time is in decaauts)
 A = Elapsed time spent in this place.
 B = Non-inter-level travel time spent in this place.
 C = Inter-level travel time spent in this place.
 D = Time resting spent in this place.
 E = Time spent auto-exploring this place.
 F = Levels seen in this place.
 G = Mean time per level.
                   A        B        C        D        E       F      G
               +--------+--------+--------+--------+--------+-----+--------+
         Total |   5420 |   5222 |    198 |    398 |   3422 |   8 |  677.5 |
       Dungeon |   5402 |   5204 |    198 |    398 |   3419 |   7 |  771.7 |
        Bailey |     18 |     18 |      0 |      0 |      3 |   1 |   18.0 |
               +--------+--------+--------+--------+--------+-----+--------+

Top non-repeatable levels by time:
     D:6: 1198 daAuts
     D:5: 984 daAuts
     D:2: 932 daAuts
     D:1: 747 daAuts
     D:4: 666 daAuts
     D:3: 551 daAuts
     D:7: 320 daAuts
  Bailey: 18 daAuts
